 Dungeon Crawl Stone Soup version 0.30.1-3-gfc49f6343a (webtiles) character file.

Game seed: 4735425797236186668

918 croobank the Trooper (level 8, -8/55 HPs)
             Began as an Octopode Monk on July 20, 2023.
             Was a Priest of Fedhas.
             Mangled by an ogre
             ... wielding a +0 giant club
              (20 damage)
             ... on level 5 of the Dungeon.
             The game lasted 00:11:21 (5130 turns).

croobank the Trooper (Octopode Monk)                Turns: 5130, Time: 00:11:22

Health: -8/55      AC:  1    Str: 10    XL:     8   Next: 9%
Magic:  10/11      EV: 15    Int: 14    God:    Fedhas [***...]
Gold:   296        SH:  5    Dex: 15    Spells: 9/9 levels left

rFire   + . .        a - +1 short sword
rCold   . . .        (no shield)
rNeg    . . .        (helmet restricted)
rPois   +            x - amulet of reflection
rElec   .            i - ring of protection from fire
rCorr   .            z - ring of poison resistance
SInv    .            (no ring)
Will    .....        (no ring)
Stlth   ++           (no ring)
HPRegen 0.29/turn    (no ring)
MPRegen 0.12/turn    (no ring)
                     (no ring)

%: reflection
@: no status effects
A: almost no armour, amphibious, 8 rings, camouflage 1, gelatinous body 1,
(nimble swimmer 1), tentacles
a: Renounce Religion, Wall of Briars, Grow Ballistomycete


You were on level 5 of the Dungeon.
You worshipped Fedhas.
Fedhas was most pleased with you.
You visited 1 branch of the dungeon, and saw 5 of its levels.
You also visited: Sewer.

You collected 296 gold pieces.

Inventory:

Hand Weapons
 a - a +1 short sword (weapon)
 f - a +0 dagger
 s - a +0 heavy war axe
Missiles
 g - 23 poisoned darts (quivered)
 m - 2 throwing nets
 v - 4 curare-tipped darts
Armour
 c - an orb of light
Jewellery
 i - a ring of protection from fire (left tentacle)
 w - a ring of ice
 x - an amulet of reflection (around mantle)
 z - a ring of poison resistance (right tentacle)
Scrolls
 l - a scroll of fear
 q - a scroll of teleportation
 t - a scroll of immolation
 u - a scroll of identify
 y - 2 scrolls of magic mapping
Potions
 b - a potion of ambrosia
 d - a potion of haste
 e - 3 potions of brilliance
 h - a potion of heal wounds
 j - 5 potions of curing
 k - a potion of flight {unknown}
 n - 2 potions of attraction {unknown}
 o - a potion of lignification {unknown}
 p - a potion of might {unknown}
 r - a potion of berserk rage {unknown}


   Skills:
 + Level 5.3 Fighting
 + Level 5.3 Short Blades
 + Level 5.3 Dodging
 + Level 1.0 Spellcasting
 + Level 4.3 Invocations


You had 9 spell levels left.
You didn't know any spells.
Your spell library contained the following spells:

 Spells                   Type           Power      Damage    Failure   Level
 Apportation              Tloc           0%         N/A       26%         1
 Freeze                   Ice            0%         1d3       26%         1
 Magic Dart               Conj           0%         1d3       26%         1
 Necrotise                Necr           0%         1d4       26%         1
 Summon Small Mammal      Summ           0%         N/A       26%         1
 Blink                    Tloc           0%         N/A       36%         2
 Lesser Beckoning         Tloc           0%         N/A       36%         2
 Momentum Strike          Conj/Tloc      0%         3d8       36%         2
 Searing Ray              Conj           0%         2d4       36%         2
 Frozen Ramparts          Ice            0%         1d1       61%         3
 Hailstorm                Conj/Ice       0%         3d3       61%         3
 Fulminant Prism          Conj/Hex       0%         3d5       95%         4
 Ice Form                 Ice/Tmut       0%         N/A       95%         4
 Summon Ice Beast         Ice/Summ       0%         N/A       95%         4


Dungeon Overview and Level Annotations

Branches:
Dungeon (5/15)              Sewer (visited)
 Temple: D:4-7

Altars:
Fedhas
Wu Jian


Innate Abilities, Weirdness & Mutations

You cannot wear most types of armour.
You are amphibious.
You can wear up to eight rings at the same time.
Your skin changes colour to match your surroundings (Stealth+).
Your rubbery body absorbs attacks. (AC +1, EV +1)
((You are camouflaged when in or above water. (Stealth+)))
You have tentacles for arms and can constrict up to eight enemies at once.


Message History

The orc hits your briar patch but does no damage. x3
The orc hits you with a +0 short sword.
You barely miss the orc. You squeeze the orc, but do no damage.
The orc is heavily wounded.
You constrict the orc, but do no damage.
The orc hits your briar patch with a +0 hand axe.
The orc hits your briar patch but does no damage. x2
The orc misses you.
You release your grip on the orc.
The orc is struck by your briar patch's thorns.
The orc dies!
Fedhas appreciates your contribution to the ecosystem.
The orc barely misses you. The orc hits you with a +0 short sword.
The orc is struck by your briar patch's thorns.
The orc dies!
Fedhas appreciates your contribution to the ecosystem.
The orc misses you.
You wriggle carefully through the plants.
The orc attacks as you move away! The orc hits you but does no damage.
The ogre attacks as you move away! The ogre barely misses you.
Your briar patch disappears in a puff of smoke!
The orc barely misses you.
You hit the orc but do no damage. You grab the orc.
The orc is moderately wounded.
You constrict the orc, but do no damage.
The orc barely misses you.
You hit the orc.
You kill the orc!
Fedhas appreciates your contribution to the ecosystem.
Items here: $ ( ))) [[[ †.
You wriggle carefully through the plants.
The ogre hits you with a +0 giant club!!
* * * LOW HITPOINT WARNING * * *
Your briar patch disappears in a puff of smoke!
The ogre attacks as you move away! You block the ogre's attack.
The ogre attacks as you move away!
The ogre hits you with a +0 giant club!!
You die...
Fedhas appreciates your contribution to the ecosystem.

##..###...####.....
###..## ###....##...#
####...## ####......#
#.....###### ####....
#..........#### ###..
##.............## ##.
#...............# ##..
##..............# ##..#
#.......@PP.....# ##....
#.......O).)...## ##.....
#.......P......# #......
#.......)......# ##......
#.............## #.......
#.............# ##.......
##...........####........
#..........## #.........
#..........# #.........


You could see an ogre (ally target).

Vanquished Creatures
  An ogre (D:4)
  A bullfrog (D:5)
  A scorpion (D:5)
  2 hounds (D:5)
  A jelly (D:5)
  2 orc priests (D:5)
  2 orc wizards
  2 iguanas
  2 gnolls (D:2)
  14 adders
  An ufetubus (D:4)
  2 worms
  4 dart slugs
  8 orcs
  2 bats
  6 endoplasms
  A giant cockroach (D:1)
  4 goblins
  7 hobgoblins
  2 jackals (Sewer)
  3 quokkas
  4 ball pythons
  4 frilled lizards (D:2)
  4 kobolds
  9 rats
89 creatures vanquished.

Vanquished Creatures (collateral kills)
  Pargi (Sewer)
  An orc priest (D:5)
  An orc wizard (D:5)
  6 gnolls
  An ufetubus (D:4)
  3 orcs (D:5)
  A quokka (D:4)
14 creatures vanquished.

Grand Total: 103 creatures vanquished

Notes
Turn   | Place    | Note
-------+----------+-------------------------------------------
     0 | D:1      | croobank the Octopode Monk began the quest for the Orb.
     0 | D:1      | Reached XP level 1. HP: 16/16 MP: 1/1
   235 | D:1      | Reached XP level 2. HP: 21/21 MP: 2/2
   571 | D:1      | Reached XP level 3. HP: 24/26 MP: 3/3
   716 | D:1      | Found a faded altar of an unknown god.
   723 | D:1      | Prayed at the altar of an unknown god.
   723 | D:1      | Became a worshipper of Fedhas Madash
   723 | D:1      | Reached * piety under Fedhas
   723 | D:1      | Reached ** piety under Fedhas
  1169 | D:2      | Reached XP level 4. HP: 31/32 MP: 4/4
  1207 | D:2      | Reached skill level 1 in Invocations
  1617 | D:2      | Reached *** piety under Fedhas
  1618 | D:2      | Reached XP level 5. HP: 37/37 MP: 6/6
  2540 | D:4      | Found a glowing drain.
  2570 | D:4      | Reached XP level 6. HP: 34/43 MP: 7/7
  2634 | Sewer    | Entered a sewer
  2700 | Sewer    | Noticed Pargi
  2715 | Sewer    | Killed Pargi
  3156 | D:4      | Reached XP level 7. HP: 45/49 MP: 9/9
  3554 | D:5      | Entered Level 5 of the Dungeon
  4064 | D:5      | Reached skill level 5 in Fighting
  4128 | D:5      | Reached skill level 5 in Short Blades
  4128 | D:5      | Reached skill level 5 in Dodging
  4579 | D:4      | Reached XP level 8. HP: 35/55 MP: 11/11
  4956 | D:5      | Found an ornate altar of the Wu Jian Council.
  5112 | D:5      | Reached skill level 1 in Spellcasting
  5130 | D:5      | Mangled by an ogre

Illustrated notes

Levels and vault maps discovered:
D:1:      dpeg_arrival_boxorama, layout_basic,
          dilly_ecumenical_altar_fadedgnrine, minmay_misc_feat_ornament,
          corner_web_ring, minmay_ruptured
D:2:      layout_basic, st_stairs_1
D:3:      layout_rooms, chequers_serial_rivers_micro_c
D:4:      layout_basic, gup_sewer_entry_glass
D:5:      layout_cave_pods, nzn_wu_jian_council_hall

Skill      XL: |  1  2  3  4  5  6  7  8 |
---------------+-------------------------+-----
Invocations    | 1 2 3 4 |  4.3
Fighting       | 4 5 |  5.3
Short Blades   | 4 5 |  5.3
Dodging        | 4 5 |  5.3
Spellcasting   | 1 |  1.0

Action                     |  1- 3 |  4- 6 |  7- 9 || total
---------------------------+-------+-------+-------++-------
  Melee: Short sword       |    69 |   101 |    82 ||   252
         Tentacles         |    17 |    26 |    33 ||    76
         Constrict         |    23 |    23 |    23 ||    69
         Punch             |       |     1 |     2 ||     3
 Invoke: Wall of Briars    |       |     3 |     3 ||     6
    Use: Scroll            |       |     8 |     4 ||    12
   Stab: Sleeping          |     6 |     4 |       ||    10
 Armour: Skin              |     4 |     4 |     2 ||    10
  Dodge: Dodged            |    36 |    41 |    67 ||   144
  Block: Other             |       |       |    19 ||    19
